APP
MIAMI (APP) MARLINS @ WASHINGTON (APP) NATIONALS
10/13/2048
 
TOP OF THE 1ST
Kingsport Mets batting - Pitching for Washington (APP) Nationals : RHP Mike Renzi
Pitching: RHP Mike Renzi
Batting: RHB Antonio Cacheiro 0-0: Ground out 4-3 (Groundball, 4S, EV 70.0 MPH)
Batting: RHB Ricky Rivera 0-0: Called Strike
0-1: Ball
1-1: Ball
2-1: Ground out 6-3 (Groundball, 6, EV 86.3 MPH)
Batting: RHB Roger Abrego 0-0: Ball
1-0: Foul Ball, location: 2F
1-1: Ball
2-1: Ball
3-1: Swinging Strike
3-2: Foul Ball, location: 2F
3-2: Strikes out swinging
Top of the 1st over - 0 runs, 0 hits, 0 errors, 0 left on base; Kingsport 0 - Washington (APP) 0
BOTTOM OF THE 1ST
Washington (APP) Nationals batting - Pitching for Kingsport Mets : LHP Yoshitomo Arai
Pitching: LHP Yoshitomo Arai
Batting: RHB Luis Neri 0-0: Ball
1-0: SINGLE (Groundball, 15, EV 67.5 MPH) (infield hit)
Batting: LHB Joseph Martin 0-0: Called Strike
0-1: Called Strike
0-2: Fielders Choice at 2nd, 4-6 (Groundball, 4, EV 102.5 MPH)
Batting: RHB Randy Spriet 0-0: Ball
1-0: Ball
2-0: DOUBLE (Line Drive, 78M, EV 88.8 MPH)
Joseph Martin to third
Runner from 3rd tries for Home, SAFE, throw by CF to home
Batting: RHB Masaru Nogami 0-0: Ball
1-0: Foul Ball, location: 2F
1-1: Swinging Strike
1-2: Foul Ball, location: 2F
1-2: Foul Ball, location: 2F
Pickoff Throw to Second - Error! E1
Randy Spriet to third
1-2: Strikes out swinging
Batting: RHB Chris Montgomery 0-0: Fly out, F8 (Flyball, 89D, EV 83.8 MPH)
Bottom of the 1st over - 1 run, 2 hits, 1 error, 1 left on base; Kingsport 0 - Washington (APP) 1
TOP OF THE 2ND
Kingsport Mets batting - Pitching for Washington (APP) Nationals : RHP Mike Renzi
Batting: LHB Edwin Aguilar 0-0: Called Strike
0-1: Swinging Strike
0-2: Ball
1-2: Strikes out swinging
Batting: SHB Jacob Dobrosky 0-0: TRIPLE (Groundball, 3L, EV 95.0 MPH)
Batting: RHB Roberto Luis 0-0: Called Strike
0-1: Ball
1-1: Foul Ball, location: 2F
1-2: Foul Ball, location: 2F
1-2: DOUBLE (Groundball, 5L, EV 94.4 MPH)
Jacob Dobrosky scores
Batting: RHB Juan Padilla 0-0: Foul Ball, location: 2F
0-1: Swinging Strike
0-2: Strikes out swinging
Batting: SHB Scott Scott 0-0: Foul Ball, location: 2F
0-1: Swinging Strike
0-2: Strikes out looking
Top of the 2nd over - 1 run, 2 hits, 0 errors, 1 left on base; Kingsport 1 - Washington (APP) 1
BOTTOM OF THE 2ND
Washington (APP) Nationals batting - Pitching for Kingsport Mets : LHP Yoshitomo Arai
Batting: RHB Alex Sandoval 0-0: Called Strike
0-1: Ground out 6-3 (Groundball, 6, EV 88.1 MPH)
Batting: RHB Jonathan Christensen 0-0: Swinging Strike
0-1: Ball
1-1: Ball
2-1: Fly out, F8 (Flyball, 8LD, EV 93.8 MPH)
Batting: SHB Blaine Parkhurst 0-0: Foul Ball, location: 2F
0-1: Called Strike
0-2: Ball
1-2: Ball
2-2: Ground out 6-3 (Groundball, 56, EV 85.6 MPH)
Bottom of the 2nd over - 0 runs, 0 hits, 0 errors, 0 left on base; Kingsport 1 - Washington (APP) 1
TOP OF THE 3RD
Kingsport Mets batting - Pitching for Washington (APP) Nationals : RHP Mike Renzi
Batting: LHB Yoshitomo Arai 0-0: Ball
1-0: Called Strike
1-1: Called Strike
1-2: Ground out 4-3 (Groundball, 34, EV 90.0 MPH)
Batting: RHB Antonio Cacheiro 0-0: Foul Ball, location: 2F
0-1: Ball
1-1: Ground out 5-3 (Groundball, 56, EV 84.4 MPH)
Batting: RHB Ricky Rivera 0-0: Called Strike
0-1: Ground out 5-3 (Groundball, 56, EV 92.5 MPH)
Top of the 3rd over - 0 runs, 0 hits, 0 errors, 0 left on base; Kingsport 1 - Washington (APP) 1
BOTTOM OF THE 3RD
Washington (APP) Nationals batting - Pitching for Kingsport Mets : LHP Yoshitomo Arai
Batting: LHB Mike Renzi 0-0: Ball
1-0: Foul Ball, location: 2F
1-1: Fly out, F9 (Line Drive, 9, EV 85.6 MPH)
Batting: RHB Luis Neri 0-0: Called Strike
0-1: Ball
1-1: Ball
2-1: Foul Ball, location: 2F
2-2: Ground out 6-3 (Groundball, 6, EV 88.8 MPH)
Batting: LHB Joseph Martin 0-0: Ball
1-0: Called Strike
1-1: Ground out U3 (Groundball, 34, EV 87.5 MPH)
Bottom of the 3rd over - 0 runs, 0 hits, 0 errors, 0 left on base; Kingsport 1 - Washington (APP) 1
TOP OF THE 4TH
Kingsport Mets batting - Pitching for Washington (APP) Nationals : RHP Mike Renzi
Batting: RHB Roger Abrego 0-0: Ball
1-0: Ball
2-0: Called Strike
2-1: Swinging Strike
2-2: Foul Ball, location: 2F
2-2: Ball
3-2: Foul Ball, location: 2F
3-2: Base on Balls
Batting: LHB Edwin Aguilar 0-0: Foul Ball, location: 2F
0-1: Ball
1-1: Foul Ball, location: 2F
1-2: Fielders Choice at 2nd, 4-6 (Groundball, 4, EV 88.1 MPH)
Batting: SHB Jacob Dobrosky 0-0: Foul Ball, location: 2F
0-1: Ball
1-1: Ball
2-1: Swinging Strike
2-2: Foul Ball, location: 2F
2-2: Ball
3-2: Base on Balls
Edwin Aguilar to second
Batting: RHB Roberto Luis 0-0: Ball
Edwin Aguilar is caught stealing 3rd base 2-5
1-0: Ground out 3-1 (Groundball, 3L, EV 90.6 MPH)
Top of the 4th over - 0 runs, 0 hits, 0 errors, 1 left on base; Kingsport 1 - Washington (APP) 1
BOTTOM OF THE 4TH
Washington (APP) Nationals batting - Pitching for Kingsport Mets : LHP Yoshitomo Arai
Batting: RHB Randy Spriet 0-0: Foul Ball, location: 2F
0-1: Ball
1-1: Ground out 4-3 (Groundball, 4M, EV 81.9 MPH)
Batting: RHB Masaru Nogami 0-0: Fly out, F8 (Line Drive, 8LM, EV 103.1 MPH)
Batting: RHB Chris Montgomery 0-0: Foul Ball, location: 2F
0-1: Foul Ball, location: 2F
0-2: Ball
1-2: Ball
2-2: DOUBLE (Line Drive, 7LS, EV 101.3 MPH)
Batting: RHB Alex Sandoval 0-0: Ball
1-0: Ball
2-0: Ball
3-0: Called Strike
3-1: Fly out, F1 (Line Drive, P, EV 68.8 MPH)
Bottom of the 4th over - 0 runs, 1 hit, 0 errors, 1 left on base; Kingsport 1 - Washington (APP) 1
TOP OF THE 5TH
Kingsport Mets batting - Pitching for Washington (APP) Nationals : RHP Mike Renzi
Batting: RHB Juan Padilla 0-0: Reached on error, E2 (Groundball, 2R, EV 64.4 MPH)
Batting: SHB Scott Scott 0-0: Ball
1-0: Ground out 3-1 (Groundball, 34, EV 98.8 MPH)
Juan Padilla to third
Batting: LHB Yoshitomo Arai 0-0: Called Strike
0-1: Called Strike
0-2: Fly out, F8 (Flyball, 8RM, EV 87.5 MPH)
Batting: RHB Antonio Cacheiro 0-0: Ball
1-0: Called Strike
1-1: Ball
2-1: Foul Ball, location: 2F
2-2: SINGLE (Groundball, 56D, EV 103.8 MPH)
Juan Padilla scores
Pitching: RHP Wayne Walker
Now at SS: Johnny Halvorson
Batting: RHB Ricky Rivera 0-0: Ball
Antonio Cacheiro is caught stealing 2nd base 2-4
Top of the 5th over - 1 run, 1 hit, 1 error, 0 left on base; Kingsport 2 - Washington (APP) 1
BOTTOM OF THE 5TH
Washington (APP) Nationals batting - Pitching for Kingsport Mets : LHP Yoshitomo Arai
Batting: RHB Jonathan Christensen 0-0: Ball
1-0: Foul Ball, location: 2F
1-1: Swinging Strike
1-2: Ball
2-2: Strikes out swinging
Batting: SHB Blaine Parkhurst 0-0: Ball
1-0: Fly out, F9 (Flyball, 89S, EV 79.4 MPH)
Batting: LHB Wayne Walker 0-0: Ground out 4-3 (Groundball, 34D, EV 110.0 MPH)
Bottom of the 5th over - 0 runs, 0 hits, 0 errors, 0 left on base; Kingsport 2 - Washington (APP) 1
TOP OF THE 6TH
Kingsport Mets batting - Pitching for Washington (APP) Nationals : RHP Wayne Walker
Batting: RHB Ricky Rivera 0-0: Ground out 6-3 (Groundball, 6, EV 76.3 MPH)
Batting: RHB Roger Abrego 0-0: Ball
1-0: Ball
2-0: Ball
3-0: Base on Balls
Batting: LHB Edwin Aguilar 0-0: Called Strike
0-1: Ball
1-1: Ball
2-1: Foul Ball, location: 2F
2-2: Ball
3-2: Foul Ball, location: 2F
3-2: Foul Ball, location: 2F
3-2: Foul Ball, location: 2F
3-2: Strikes out swinging
Batting: SHB Jacob Dobrosky 0-0: Called Strike
0-1: Ball
1-1: Called Strike
1-2: Ball
2-2: Strikes out looking
Top of the 6th over - 0 runs, 0 hits, 0 errors, 1 left on base; Kingsport 2 - Washington (APP) 1
BOTTOM OF THE 6TH
Washington (APP) Nationals batting - Pitching for Kingsport Mets : LHP Yoshitomo Arai
Batting: RHB Luis Neri 0-0: Swinging Strike
0-1: Ball
1-1: Swinging Strike
1-2: Ball
2-2: Strikes out looking
Batting: LHB Joseph Martin 0-0: Ground out U3 (Groundball, 3S, EV 71.3 MPH)
Batting: RHB Randy Spriet 0-0: Swinging Strike
0-1: Ball
1-1: Ball
2-1: Ground out 5-3 (Groundball, 5L, EV 85.6 MPH)
Bottom of the 6th over - 0 runs, 0 hits, 0 errors, 0 left on base; Kingsport 2 - Washington (APP) 1
TOP OF THE 7TH
Kingsport Mets batting - Pitching for Washington (APP) Nationals : RHP Wayne Walker
Batting: RHB Roberto Luis 0-0: Ball
1-0: Ball
2-0: Ball
3-0: Base on Balls
Batting: RHB Juan Padilla 0-0: Ball
1-0: Swinging Strike
1-1: Ball
2-1: Ball
3-1: Called Strike
3-2: Strikes out swinging
Batting: SHB Scott Scott 0-0: Ball
1-0: Ball
2-0: Swinging Strike
2-1: Swinging Strike
2-2: Strikes out swinging
Batting: LHB Yoshitomo Arai 0-0: SINGLE (Line Drive, 9LS, EV 100.6 MPH)
Roberto Luis to second
Runner from 2nd tries for 3rd, SAFE, throw by RF made to third
Batting: RHB Antonio Cacheiro 0-0: Fielders Choice at 2nd, 5-4 (Groundball, 56, EV 84.4 MPH)
Top of the 7th over - 0 runs, 1 hit, 0 errors, 2 left on base; Kingsport 2 - Washington (APP) 1
BOTTOM OF THE 7TH
Washington (APP) Nationals batting - Pitching for Kingsport Mets : LHP Yoshitomo Arai
Batting: RHB Masaru Nogami 0-0: Ball
1-0: Ball
2-0: Ball
3-0: Called Strike
3-1: Base on Balls
Batting: RHB Chris Montgomery 0-0: Ball
Wild Pitch!
Masaru Nogami to second
1-0: Ball
2-0: Ball
3-0: Called Strike
3-1: Ground out 6-3 (Groundball, 56, EV 101.3 MPH)
Pinch Hitting: RHB Justin Nibblett 0-0: Ball
1-0: Ball
2-0: Fly out, F7 (Line Drive, 7, EV 95.6 MPH)
Batting: RHB Jonathan Christensen 0-0: Ball
1-0: Ball
2-0: Ball
3-0: Base on Balls
Batting: SHB Blaine Parkhurst 0-0: Foul Ball, location: 2F
0-1: Ball
1-1: Swinging Strike
1-2: Foul Ball, location: 2F
1-2: Ball
2-2: Fly out, F3 (Popup, 3SF, EV 84.4 MPH)
Bottom of the 7th over - 0 runs, 0 hits, 0 errors, 2 left on base; Kingsport 2 - Washington (APP) 1
TOP OF THE 8TH
Kingsport Mets batting - Pitching for Washington (APP) Nationals : RHP Wayne Walker
Now at SS: Chris Cleary
Batting: RHB Ricky Rivera 0-0: Ball
1-0: Called Strike
1-1: Ball
2-1: Foul Ball, location: 2F
2-2: SINGLE (Line Drive, 78M, EV 90.6 MPH)
Batting: RHB Roger Abrego 0-0: Ball
1-0: Foul Ball, location: 2F
1-1: DOUBLE (Line Drive, 9LM, EV 108.8 MPH)
Ricky Rivera to third
Batting: LHB Edwin Aguilar 0-0: Intentional Walk
Batting: SHB Jacob Dobrosky 0-0: Foul Ball, location: 2F
0-1: Ball
1-1: SINGLE (Groundball, 6, EV 81.9 MPH) (infield hit)
Ricky Rivera scores
Roger Abrego to third
Edwin Aguilar to second
Batting: RHB Roberto Luis 0-0: Foul Ball, location: 2F
0-1: Ball
1-1: Foul Ball, location: 2F
1-2: SINGLE (Groundball, 34, EV 102.5 MPH) (infield hit)
Roger Abrego scores
Edwin Aguilar to third
Jacob Dobrosky to second
Batting: RHB Juan Padilla 0-0: Fly out, F9 (Line Drive, 9, EV 95.0 MPH)
Batting: SHB Scott Scott 0-0: Called Strike
0-1: Foul Ball, location: 2F
0-2: Ball
1-2: SINGLE (Groundball, 4M, EV 100.0 MPH)
Edwin Aguilar scores
Jacob Dobrosky to third
Roberto Luis to second
Runner from 3rd tries for Home, SAFE, throw by CF to home
Pinch Hitting: RHB Dawud bin Kaseeb 0-0: Ball
1-0: Ball
2-0: Called Strike
2-1: Fly out, F7 (Flyball, 7LSF, EV 90.0 MPH)
Pitching: LHP Mike Rex
Batting: RHB Antonio Cacheiro 0-0: SINGLE (Groundball, 6D, EV 101.3 MPH)
Roberto Luis to third
Scott Scott to second
Runner from 3rd tries for Home, SAFE, no throw by CF
Batting: RHB Ricky Rivera 0-0: Called Strike
0-1: Ball
1-1: Hit by Pitch
Scott Scott to third
Antonio Cacheiro to second
Batting: RHB Roger Abrego 0-0: Ball
1-0: Called Strike
1-1: Ball
2-1: Foul Ball, location: 2F
2-2: Fly out, F8 (Flyball, 8LS, EV 81.9 MPH)
Top of the 8th over - 5 runs, 6 hits, 0 errors, 3 left on base; Kingsport 7 - Washington (APP) 1
BOTTOM OF THE 8TH
Washington (APP) Nationals batting - Pitching for Kingsport Mets : LHP Yoshitomo Arai
Pitching: RHP Tim Williams
Batting: RHB Mike Rex 0-0: Ground out 4-3 (Groundball, 4M, EV 86.3 MPH)
Batting: RHB Luis Neri 0-0: Ball
1-0: Foul Ball, location: 2F
1-1: Called Strike
1-2: Strikes out swinging
Batting: LHB Joseph Martin 0-0: SINGLE (Groundball, 4D, EV 105.6 MPH)
Batting: RHB Randy Spriet 0-0: Ball
1-0: Ball
2-0: Swinging Strike
2-1: Swinging Strike
2-2: Foul Ball, location: 2F
2-2: Foul Ball, location: 2F
2-2: Foul Ball, location: 2F
2-2: SINGLE (Groundball, 6MD, EV 95.0 MPH)
Joseph Martin to second
Batting: RHB Masaru Nogami 0-0: Ball
1-0: Called Strike
1-1: Foul Ball, location: 2F
1-2: Ball
2-2: Foul Ball, location: 2F
2-2: SINGLE (Groundball, 4D, EV 97.5 MPH)
Joseph Martin to third
Randy Spriet to second
Runner from 3rd tries for Home, SAFE, throw by CF to home
Batting: RHB Chris Montgomery 0-0: Ball
1-0: Foul Ball, location: 2F
1-1: SINGLE (Groundball, 6MD, EV 106.3 MPH)
Randy Spriet to third
Masaru Nogami to second
Runner from 3rd tries for Home, throw by CF and OUT! 8-2
Bottom of the 8th over - 1 run, 4 hits, 0 errors, 2 left on base; Kingsport 7 - Washington (APP) 2
TOP OF THE 9TH
Kingsport Mets batting - Pitching for Washington (APP) Nationals : LHP Mike Rex
Batting: LHB Edwin Aguilar 0-0: SINGLE (Line Drive, 4MD, EV 95.0 MPH)
Batting: SHB Jacob Dobrosky 0-0: Called Strike
0-1: Ball
1-1: Fly out, F8 (Line Drive, 8RD, EV 83.8 MPH)
Batting: RHB Roberto Luis 0-0: Ball
Wild Pitch!
Edwin Aguilar to second
1-0: Foul Ball, location: 2F
1-1: Ground out 6-3 (Groundball, 56, EV 83.1 MPH)
Batting: RHB Juan Padilla 0-0: Ground out 4-3 (Groundball, 4, EV 98.1 MPH)
Top of the 9th over - 0 runs, 1 hit, 0 errors, 1 left on base; Kingsport 7 - Washington (APP) 2
BOTTOM OF THE 9TH
Washington (APP) Nationals batting - Pitching for Kingsport Mets : RHP Tim Williams
Batting: RHB Chris Cleary 0-0: Called Strike
0-1: Ball
1-1: Ball
2-1: Ball
3-1: Foul Ball, location: 2F
3-2: SOLO HOME RUN (Flyball, 89XD, EV 94.4 MPH), Distance : 399 ft
Pitching: RHP Riso Profanter
Batting: RHB Jonathan Christensen 0-0: Ball
1-0: Ball
2-0: Ball
3-0: Base on Balls
Batting: SHB Blaine Parkhurst 0-0: Called Strike
0-1: Swinging Strike
0-2: DOUBLE (Line Drive, 7LS, EV 106.9 MPH)
Jonathan Christensen to third
Batting: RHB Mike Rex 0-0: Called Strike
0-1: Called Strike
0-2: Ball
1-2: Strikes out swinging
Batting: RHB Luis Neri 0-0: Swinging Strike
0-1: Swinging Strike
0-2: Foul Ball, location: 2F
0-2: Ball
1-2: Ball
2-2: Foul Ball, location: 2F
2-2: Ground out 6-3 (Groundball, 56, EV 106.3 MPH)
Jonathan Christensen scores
Batting: LHB Joseph Martin 0-0: Foul Ball, location: 2F
0-1: Swinging Strike
0-2: Ball
1-2: Foul Ball, location: 2F
1-2: Ball
2-2: Ball
3-2: Foul Ball, location: 2F
3-2: Strikes out looking
Bottom of the 9th over - 2 runs, 2 hits, 0 errors, 1 left on base; Kingsport 7 - Washington (APP) 4
Tuesday, March 28th , 2023 - OOTP Baseball 23.10 Build 110